 Dungeon Crawl Stone Soup version 0.25.0-9-g26727b657a (webtiles) character file.

Game seed: 10415409688487113576

272 Esekla the Slasher (level 6, -9/34 HPs)
             Began as a Deep Elf Warper on June 20, 2020.
             Was a Believer of Sif Muna.
             Killed by divine providence
             ... invoked by an orc priest
              (14 damage)
             ... on level 4 of the Dungeon.
             The game lasted 00:25:46 (3878 turns).

Esekla the Slasher (Deep Elf Warper)                Turns: 3878, Time: 00:25:46

Health: -9/34      AC:  7    Str:  8    XL:     6   Next: 2%
Magic:  13/13      EV: 13    Int: 18    God:    Sif Muna [**....]
Gold:   249        SH:  0    Dex: 16    Spells: 8/12 levels left

rFire    . . .     SeeInvis .   a - +0 long sword
rCold    . . .     Gourm    .   (no shield)
rNeg     . . .     Faith    .   b - +0 leather armour
rPois    .         Spirit   .   r - +0 helmet
rElec    .         Reflect  .   (no cloak)
rCorr    .         Harm     .   (no gloves)
MR       .....                  z - +2 pair of boots
Stlth    +.........             h - amulet of regeneration
HPRegen  0.51/turn              o - +4 ring of slaying
MPRegen  0.13/turn              (no ring)

@: no status effects
A: no striking features
a: Channel Magic, Renounce Religion


You were on level 4 of the Dungeon.
You worshipped Sif Muna.
Sif Muna was pleased with you.
You were not hungry.

You visited 1 branch of the dungeon, and saw 5 of its levels.

You collected 249 gold pieces.

Inventory:

Hand Weapons
 a - a +0 long sword (weapon)
 i - a +2 spear of venom
 x - a +2 vampiric dagger
Missiles
 e - 4 boomerangs of dispersal (quivered)
Armour
 b - a +0 leather armour (worn)
 r - a +0 helmet (worn)
 z - a +2 pair of boots (worn)
Jewellery
 h - an amulet of regeneration (around neck)
 o - a +4 ring of slaying (left hand)
Scrolls
 c - 3 scrolls of remove curse {unknown}
 d - 2 scrolls of blinking
 k - a scroll of fear {unknown}
 m - 11 scrolls of identify {unknown}
 n - 2 scrolls of enchant armour {unknown}
 p - a scroll of fog {unknown}
 q - a scroll of random uselessness {unknown}
 u - a scroll of amnesia {unknown}
 y - 2 scrolls of teleportation {unknown}
Potions
 g - a potion of invisibility
 j - a potion of heal wounds {unknown}
 l - a potion of degeneration {unknown}
 s - a potion of brilliance {unknown}
 t - a potion of ambrosia {unknown}
 v - 2 potions of curing {unknown}
 w - a potion of magic {unknown}
 B - 3 potions of might {unknown}
Comestibles
 f - 15 rations
 A - a chunk of flesh


   Skills:
 - Level 1.5 Fighting
 * Level 4.3 Long Blades
 + Level 1.0 Throwing
 - Level 0.7 Armour
 * Level 3.7 Dodging
 + Level 0.1 Stealth
 * Level 3.9 Spellcasting
 * Level 3.4 Charms
 + Level 3.4 Translocations


You had 8 spell levels left.
You knew the following spells:

 Your Spells              Type           Power        Failure   Level  Hunger
a - Shroud of Golubria    Chrm/Tloc      ###...       8%          2    ##.....
b - Blink                 Tloc           N/A          8%          2    ##.....

Your spell library contained the following spells:

 Spells                   Type           Power        Failure   Level  Hunger
 Gell's Gravitas          Tloc           ###.......   16%         3    ###....
 Lesser Beckoning         Tloc           ###.......   16%         3    ###....
 Teleport Other           Tloc           ###.....     16%         3    ###....
 Passage of Golubria      Tloc           N/A          45%         4    ####...


Dungeon Overview and Level Annotations

Branches:
Dungeon (5/15)
 Temple: D:4-7

Altars:
Elyvilon
Fedhas
Sif Muna
Uskayaw
The Shining One

Shops:
D:4 *


Message History

Beogh smites you!
You closely miss the orc priest.
The orc priest is moderately wounded.
The orc priest hits you with a +0 flail.
You hit the orc priest.
The orc priest is heavily wounded.
The orc priest closely misses you.
You hit the orc priest.
The orc priest is severely wounded.
The orc priest completely misses you.
You hit the orc priest.
The orc priest is severely wounded.
The orc priest calls down the wrath of Beogh upon you.
Beogh smites you!
* * * LOW HITPOINT WARNING * * *
You barely miss the orc priest.
The orc priest is severely wounded.
The orc priest mumbles some strange prayers to Beogh against you.
Beogh smites you!
You die...

#.# ###.#### # #.#
#.# # #.# #.# #
#.####### ##'## #
#.......# ##...## ##
#######.# ##.....##
#.
##.##.###.......###.
##...#<##.........##.
#..o@...+.........'..
##...#.##.........##.
##.##.###.......###.
#.. ..# ##.....## ##
#.# ### ##...## #.
##'## #. #.# #. #.# #
##.## #


You could see an orc priest.

Vanquished Creatures
  3 orc wizards (D:3)
  Jessica (D:2)
  A worker ant (D:4)
  2 adders
  4 oozes
  A worm (D:2)
  4 dart slugs
  2 leopard geckos
  7 orcs (D:3)
  4 giant cockroaches
  9 goblins
  9 hobgoblins
  12 kobolds
  2 quokkas
  4 ball pythons
  7 bats
  8 frilled lizards
  8 rats
88 creatures vanquished.

Notes
Turn   | Place    | Note
-------+----------+-------------------------------------------
     0 | D:1      | Esekla the Deep Elf Warper began the quest for the Orb.
     0 | D:1      | Reached XP level 1. HP: 12/12 MP: 6/6
   368 | D:1      | Reached skill level 2 in Long Blades
   456 | D:1      | Reached XP level 2. HP: 16/16 MP: 8/8
   720 | D:1      | Learned a level 2 spell: Shroud of Golubria
   723 | D:1      | Learned a level 2 spell: Blink
   967 | D:2      | Reached XP level 3. HP: 19/20 MP: 9/9
  1304 | D:4      | Reached skill level 3 in Long Blades
  1375 | D:4      | Reached skill level 1 in Charms
  1388 | D:4      | Found a white marble altar of Elyvilon.
  1555 | D:4      | Found Qaste's General Store.
  1605 | D:4      | Reached XP level 4. HP: 25/25 MP: 9/11
  1677 | D:4      | Found a blossoming altar of Fedhas.
  1687 | D:4      | Noticed a centaur
  1698 | D:5      | Entered Level 5 of the Dungeon
  1744 | D:5      | Found a shimmering blue altar of Sif Muna.
  1752 | D:5      | Became a worshipper of Sif Muna the Loreminder
  2176 | D:1      | Reached * piety under Sif Muna
  2541 | D:2      | Found a hide-covered altar of Uskayaw.
  2597 | D:2      | Noticed Jessica
  2602 | D:2      | Killed Jessica
  2877 | D:3      | Reached XP level 5. HP: 28/29 MP: 12/12
  2926 | D:3      | Found a glowing golden altar of the Shining One.
  3194 | D:3      | Reached skill level 4 in Long Blades
  3725 | D:3      | Reached ** piety under Sif Muna
  3865 | D:3      | Reached XP level 6. HP: 34/34 MP: 13/13
  3878 | D:4      | Killed from afar by an orc priest

Illustrated notes

Levels and vault maps discovered:
D:1:      minmay_arrival_split_and_join, layout_basic
D:2:      layout_loops_ring, eat_drink_and_be_merry_uskayaw, uniq_jessica
D:3:      layout_basic, old_standard_altar, minivault_25
D:4:      layout_loops_corners, fedhas_bush_and_centaur_altar, serial_shops,
          shop_statue, elyvilon_altar_5
D:5:      layout_rooms, overflow_temple_1_default,
          nicolae_ru_great_annihilating_truth, kennysheep_vampire_church,
          led_sif_book, first_ration, kennysheep_cross_room, solitary_fountain

Skill      XL: |  1  2  3  4  5 |
---------------+----------------+-----
Long Blades    | 2 3 4 |  4.3
Dodging        | 3 |  3.7
Charms         | 1 2 3 |  3.4
Fighting       | |  1.5
Throwing       | |  1.0
Armour         | |  0.7
Stealth        | |  0.1
Spellcasting   | |  3.9
Translocations | |  3.4

Action                   |  1- 3 |  4- 6 || total
-------------------------+-------+-------++-------
Melee: Falchion          |    99 |    63 ||   162
       Long sword        |       |   103 ||   103
Throw: Boomerang         |     1 |       ||     1
 Cast: Shroud of Golubri |    12 |    20 ||    32
 Stab: Sleeping          |       |     1 ||     1
  Eat: Chunk             |     3 |     8 ||    11
Armor: Leather armour    |    23 |    44 ||    67
Dodge: Dodged            |    48 |    87 ||   135
       Rpst.: Falchion   |    17 |    10 ||    27
       Long sword        |       |    17 ||    17
